[Event "Chpt France Universitaire 2024"]
[Site "Bastia, France"]
[Date "2024.04.06"]
[Round "5.5"]
[White "Maache, Jawad"]
[Black "Crook, Oliver-James"]
[Result "1-0"]
[TimeControl "15min+5s"]
[WhiteElo "2154"]
[BlackElo "1924"]

1. d4 Nf6 2. Nc3 d5 3. Bf4 c6 4. e3 Bg4 5. f3 Bc8 6. Bd3 Nbd7 7. g4 Qb6 8. a3 g5 9. Bxg5 h5 10. Bxf6 Nxf6 11. g5 Nd7 12.
Nge2 e5 13. g6 Bh6 14. Qd2 Qxb2 15. Kf2 Qb6 16. gxf7+ Kxf7 17. Rag1 exd4 18. Bg6+ Ke7 19. Qxd4 Qxd4 20. Nxd4 Ne5 21.
h3 Bd7 22. f4 Raf8 23. Ke2 Nc4 24. Bxh5 Nxe3 25. Bg4 Rxf4 26. Kxe3 Rxg4+ 27. Kd3 Rxg1 28. Rxg1 Bxh3 29. Rb1 Kd6 30. Rxb7 Rg8 31. Nce2 Bf1 32. Rf7 Rg3+ 33. Rf3 Rg2 34. Rf6+ Kc7 35.
Rxh6 c5 36. Rc6+ Kb7 37. Rxc5 Rg3+ 38. Kd2 Rxa3 39. Rxd5 a5 40.
Nc3 Bc4 41. Rc5 Bg8 42. Rb5+ Ka6 43. Rb1 Bf7 44. Ndb5 Ra2 45. Nxa2 Bxa2 46. Nc7+ Ka7 47. Ra1 Bg8 48. Nb5+ Kb6 49. Nc3 Bc4 50. Ra4 Bg8 51.
Rg4 Bf7 52. Na4+ Kb5 53. Kc3 Ba2 54. Nb2 Bf7 55. Rg5+ Ka6 56. Nc4 a4 57. Ra5+ Kb7 58. Rxa4 Kc6 59. Ne5+ Kd5 1-0

[Event "Chpt France Universitaire 2024"]
[Site "Bastia, France"]
[Date "2024.04.06"]
[Round "5.6"]
[White "Morison, Julien"]
[Black "Cahen, Alexis"]
[Result "1/2-1/2"]
[TimeControl "15min+5s"]
[WhiteElo "1926"]
[BlackElo "2060"]

1. e4 c5 2. b4 cxb4 3. a3 d5 4.
exd5 Qxd5 5. Nf3 e6 6. axb4 Bxb4 7. Ba3 Be7 8. Nc3 Qd8 9. Bd3 Nf6 10. h4 Nc6 11. Rh3 e5 12. Rg3 Nh5 13.
Bxe7 Qxe7 14. Rg5 g6 15. Be4 f6 16. Nd5 Qg7 17. Rxh5 gxh5 18. Nb6 Rb8 19. Nc4 Qxg2 20. Ne3 Qh1+ 21.
Nf1 Bh3 22. Bd3 e4 23. Ng5 Bg4 24. Be2 fxg5 25. Bxg4 hxg4 26. Qxg4 Qxh4 27. Qe6+ Ne7 28. Ra5 Rf8 29. Ng3 Rc8 30. Re5 g4 31. Qxc8+ Kf7 32.
Qe6+ Ke8 33. Nxe4 Qh1+ 34. Ke2 Qf3+ 35.
Ke1 Qh1+ 36. Ke2 Qf3+ 37. Ke1 1/2-1/2

[Event "Chpt France Universitaire 2024"]
[Site "Bastia, France"]
[Date "2024.04.06"]
[Round "5.7"]
[White "Budak, Rewi"]
[Black "Rollot, Florence"]
[Result "1-0"]
[TimeControl "15min+5s"]
[WhiteElo "2112"]
[BlackElo "2010"]

1. e4 d5 2. Nc3 d4 3. Nce2 e5 4. f4 d3 5. cxd3 Qxd3 6. Nc3 Qd8 7. Nf3 Bg4 8. Qa4+ Bd7 9. Qb3 Nc6 10.
fxe5 Bc5 11. Qc4 Bb6 12. d4 Bg4 13. Bg5 f6 14. exf6 gxf6 15. Be3 Bxf3 16. gxf3 Bxd4 17. Rd1 Bxc3+ 18. bxc3 Qe7 19. Rg1 Qf7 20. Qxf7+ Kxf7 21. Rd7+ Nge7 22. Rxc7 Rac8 23. Bc4+ Ke8 24. Rxb7 Ne5 25. Bb5+ Kf7 26. Ke2 Rxc3 27. Bh6 Ke6 28.
Rg7 N7g6 29. f4 Nf3 30. f5+ Ke5 31. fxg6 hxg6 32. Rge7+ Kd4 33. Rbd7+ Kc5 34. Rd5+ Kb4 35. Bf4 Rh4 36.
Bd6+ Ka5 37. Bd3+ Kb6 38. Bc7+ Kb7 39. Bg3+ Kb6 40. Kxf3 Rh5 41. Re6+ Rc6 42. Rb5+ Rxb5 43. Rxc6+ Kxc6 44.
Bxb5+ Kxb5 45. Bd6 Kc4 46. Kf4 Kd4 47. Be7 a5 48. Bxf6+ Kd3 49. a4 Kc4 50. Bd8 Kb4 51. Kg5 Kxa4 52. e5 Kb5 53. e6 Kc6 54. Bxa5 Kd6 55. Kf6 g5 56. Bb4+ Kc7 57. Kxg5 1-0

[Event "Chpt France Universitaire 2024"]
[Site "Bastia, France"]
[Date "2024.04.06"]
[Round "5.8"]
[White "Courjal, Pauline"]
[Black "Arcelin, Gael"]
[Result "0-1"]
[TimeControl "15min+5s"]
[WhiteElo "1982"]
[BlackElo "2126"]

1. d4 Nf6 2. c4 g6 3. g3 Bg7 4. Bg2 c5 5. d5 O-O 6.
Nc3 d6 7. Nf3 e6 8. O-O Re8 9.
Bf4 e5 10. Bg5 h6 11. Bxf6 Qxf6 12. e4 Kh7 13. Nd2 Qe7 14. f4 exf4 15. Rxf4 Nd7 16. h3 Ne5 17. Qe2 Bd7 18. Kh2 a6 19.
Rf2 b5 20. cxb5 axb5 21. Nxb5 Bxb5 22. Qxb5 Reb8 23. Qf1 Rxb2 24. a4 c4 25. Ra3 Qa7 26.
Re2 Qc5 27. Rc3 Qa7 28. Ra3 Qc5 29. Rc3 Qd4 30. Nb1 Rxb1 31. Qxb1 Qxc3 32. Rc2 Qb3 33. Qc1 Rxa4 0-1

[Event "Chpt France Universitaire 2024"]
[Site "Bastia, France"]
[Date "2024.04.06"]
[Round "5.9"]
[White "Aghamir Alrobiai, Nizar"]
[Black "Toure, Shanthi"]
[Result "1-0"]
[TimeControl "15min+5s"]
[WhiteElo "2098"]
[BlackElo "1890"]

1. e4 e5 2. Nf3 Nc6 3.
Bb5 a6 4. Ba4 Nf6 5. d3 b5 6. Bb3 Bc5 7. O-O O-O 8. Nc3 h6 9. h3 d6 10. a3 Bb6 11. Nd5 Nxd5 12. Bxd5 Bb7 13.
Be3 Bxe3 14. fxe3 Na5 15. Ba2 c5 16. Qe1 Rc8 17. Qg3 c4 18. Rf2 Bc6 19. b4 Nb7 20. Raf1 Rc7 21. Nd2 cxd3 22.
cxd3 Re7 23. Nf3 a5 24. Nh4 Bd7 25. Ng6 Be8 26. Bd5 Qc7 27. Qh4 Rd7 28. d4 axb4 29. axb4 Nd8 30. Qg3 exd4 31.
exd4 Nc6 32. Nxf8 Kxf8 33. Rc2 Qb6 34. Bxc6 Rc7 35. Qxd6+ Kg8 36. Kh1 Rxc6 37. Rxc6 Qxc6 38. Qxc6 Bxc6 39.
d5 Bd7 40. Rc1 Kf8 41. Kg1 f6 42. Kf2 Ke7 43. Ke3 Kd6 44. Kd4 Be8 45. Rc8 Bf7 46. Rb8 1-0

[Event "Chpt France Universitaire 2024"]
[Site "Bastia, France"]
[Date "2024.04.06"]
[Round "5.10"]
[White "Destic, Elena"]
[Black "Hingouet, Matthieu"]
[Result "1-0"]
[TimeControl "15min+5s"]
[WhiteElo "1946"]
[BlackElo "2210"]

1. e4 c5 2. Nf3 Nc6 3. b4 cxb4 4.
d4 d5 5.
exd5 Qxd5 6. c4 Qd8 7. d5 Nb8 8. Qa4+ Bd7 9. Qxb4 Na6 10. Qd2 Nf6 11. Nc3 g6 12. Be2 Bg7 13. Bb2 O-O 14.
O-O Bg4 15. h3 Bxf3 16. Bxf3 Ne8 17. Ne4 Bxb2 18. Qxb2 Nd6 19. Qd4 b6 20. Rfe1 Rc8 21. Rac1 Nc5 22. Nxd6 exd6 23. Re2 Nb7 24. Be4 Re8 25.
Rce1 Qh4 26. g3 Qh6 27. Bg2 Rxe2 28. Rxe2 Na5 29. Qf6 Qg7 30. Qxd6 Nxc4 31. Qd7 Qf8 32.
Re7 a5 33. Re2 Rd8 34. Qb5 Qc5 35. Qxc5 bxc5 36. Rc2 Nd6 37.
Rxc5 Nb7 38. Rb5 Rd7 39. Kf1 Kf8 40. Ke2 Ke7 41. Rxb7 1-0

[Event "Chpt France Universitaire 2024"]
[Site "Bastia, France"]
[Date "2024.04.06"]
[Round "5.11"]
[White "Dubuisson, Samuel"]
[Black "Ratier-Fontana, Loic"]
[Result "1-0"]
[TimeControl "15min+5s"]
[WhiteElo "2129"]
[BlackElo "1863"]

1. Nf3 Nf6 2. c4 b6 3. g3 Bb7 4. Bg2 e6 5. O-O Be7 6. b3 d5 7. Bb2 O-O 8. Qc2 Nbd7 9. Nc3 c6 10.
Rac1 Rc8 11. d4 Re8 12. Rfd1 Qc7 13. Nd2 Qb8 14. e4 dxe4 15. Ndxe4 Nxe4 16. Nxe4 Nf6 17. Qd3 Red8 18. d5 cxd5 19.
Nxf6+ Bxf6 20. Bxf6 gxf6 21. Qf3 Qe5 22. Re1 Qg5 23. h4 Qg6 24. Rcd1 Ba8 25. cxd5 Bxd5 26. Qf4 Bxg2 27. Kxg2 Rxd1 28.
Rxd1 Qc2 29. Rd2 Qc6+ 30. Kh2 e5 31. Qg4+ Kf8 32. Rd7 Rc7 33. Rd8+ Ke7 34. Qg8 Ke6 35. Re8+ Kd5 36. Rd8+ Kc5 37.
Qxh7 Kb4 38. Qd3 Qc2 39. Qxc2 Rxc2 40. Kg2 Rxa2 41. h5 e4 42. h6 e3 43. h7 Rxf2+ 44. Kg1 Kxb3 45. h8=Q Rd2 46.
Re8 e2 47. Kf2 e1=Q+ 48. Kxe1 Rb2 49. Re3+ Ka2 50. Qxf6 a5 51. Qxf7+ Kb1 52. Qf5+ Ka1 53. Ra3+ Ra2 54. Qe5+ Kb1 55. Qe4+ Kb2 56. Rxa2+ Kxa2 57.
Qa4+ Kb2 58. Kd2 b5 59. Qxb5+ Ka2 60. Kc2 a4 61. Qb2# 1-0

[Event "Chpt France Universitaire 2024"]
[Site "Bastia, France"]
[Date "2024.04.06"]
[Round "5.12"]
[White "Lordier, Sophia"]
[Black "Blanquet, Camille"]
[Result "1-0"]
[TimeControl "15min+5s"]
[WhiteElo "1934"]
[BlackElo "2035"]

1. d4 Nf6 2. c4 e6 3. g3 c5 4. d5 exd5 5. cxd5 d6 6. Nc3 g6 7. Bg2 Bg7 8. Nf3 O-O 9. O-O Re8 10. Nd2 Na6 11. Nc4 Nc7 12.
Bf4 Bf8 13. a4 a5 14. Qd2 Nh5 15. Bg5 Be7 16. Bxe7 Rxe7 17. e4 Ne8 18. f4 Nhg7 19. Rfe1 b6 20. e5 Nf5 21. Nb5 Ba6 22.
e6 Bxb5 23. axb5 Nd4 24. g4 Nb3 25. Qd3 Nxa1 26. Rxa1 Rb8 27. f5 Nc7 28. f6 Re8 29. e7 Qd7 30. Qe3 Nxd5 31. Bxd5 Qxg4+ 32. Kh1 Qf5 33. Qf3 Qg5 34. Nxd6 Rxe7 35. fxe7 Qxe7 36. Nxf7 Rf8 37. Ng5+ Kh8 38. Qc3+ Qf6 39. Rf1 Qxc3 40.
Rxf8+ Kg7 41. Rf7+ Qb3 1-0

[Event "Chpt France Universitaire 2024"]
[Site "Bastia, France"]
[Date "2024.04.06"]
[Round "6.1"]
[White "Rakotomaharo, Fy Antenaina"]
[Black "Roux, Baptiste"]
[Result "1-0"]
[TimeControl "15min+5s"]
[WhiteElo "2448"]
[BlackElo "2361"]

1. e4 c5 2. a4 e6 3. g3 Nc6 4.
d3 d5 5.
Nd2 Bd6 6. Bg2 Nge7 7. f4 O-O 8. Ngf3 Bd7 9. O-O Rc8 10. c3 a6 11. e5 Bb8 12. Nb3 Na5 13. Be3 Nxb3 14. Qxb3 b6 15.
d4 c4 16. Qc2 b5 17. axb5 axb5 18. g4 b4 19. Ng5 g6 20. Qf2 h6 21. Nf3 Kh7 22. f5 exf5 23. Qh4 Ng8 24. Bg5 Qb6 25.
Bxh6 Nxh6 26. g5 Rh8 27. gxh6 Rhf8 28. Qe7 Qd8 29. Ng5+ Kg8 30. h7+ Kg7
31. h8=Q+ Kxh8 32. Nxf7+ Rxf7 33. Qxf7 Qe8 34. Qf6+ Kg8 35. Bxd5+ 1-0

[Event "Chpt France Universitaire 2024"]
[Site "Bastia, France"]
[Date "2024.04.06"]
[Round "6.2"]
[White "Dalaud, Dorian"]
[Black "Maache, Jawad"]
[Result "1-0"]
[TimeControl "15min+5s"]
[WhiteElo "2307"]
[BlackElo "2154"]

1. e4 c5 2. Nf3 d6 3. Bb5+ Bd7 4. Bxd7+ Nxd7 5. O-O g6 6. c3 Ngf6 7. Qe2 Bg7 8. d4 O-O 9. e5 dxe5 10.
dxe5 Ng4 11. Bf4 Qc7 12. Re1 Rad8 13. Na3 Nb6 14. Nb5 Qb8 15. Bg3 e6 16. h3 Nh6 17. Nd6 Nc8 18. Ne4 Qc7 19.
Bh4 Ne7 20. Nf6+ Kh8 21. g4 Nd5 22. Nxd5 Rxd5 23. Rad1 Ng8 24. Rxd5 exd5 25. Rd1 Qc6 26. Qd3 f6 27. Qxd5 fxe5 28. Qxc6 bxc6 29. Ng5 Bf6 30.
Rd6 Be7 31. Rxc6 h6 32. Ne6 Rb8 33. Bxe7 Nxe7 34. Rc7 Nd5 35. Rxc5 Nf4 36. Nxf4 exf4 37. b4 Rb7 38. Kg2 1-0

[Event "Chpt France Universitaire 2024"]
[Site "Bastia, France"]
[Date "2024.04.06"]
[Round "6.3"]
[White "Gatineau, Yovann"]
[Black "Lordier, Sophia"]
[Result "1-0"]
[TimeControl "15min+5s"]
[WhiteElo "2408"]
[BlackElo "1934"]

1. d4 d5 2. c4 e6 3. Nf3 Nf6 4. Nc3 Be7 5. Bf4 O-O 6. e3 b6 7. Bd3 c5 8.
cxd5 exd5 9. O-O Bb7 10. Ne5 Ne4 11. Qc2 f5 12. dxc5 bxc5 13. Rad1 Qc8 14. Bxe4 dxe4 15. Qb3+ c4 16. Nxc4 Kh8 17. Ne5 h6 18.
Ng6+ 1-0

[Event "Chpt France Universitaire 2024"]
[Site "Bastia, France"]
[Date "2024.04.06"]
[Round "6.4"]
[White "Arcelin, Gael"]
[Black "Harutyunyan, Safar"]
[Result "0-1"]
[TimeControl "15min+5s"]
[WhiteElo "2126"]
[BlackElo "2266"]

1. e4 e6 2. d4 d5 3. e5 c5 4. c3 Nc6 5. Nf3 Bd7 6.
Be2 h6 7. O-O a6 8. Kh1 Rc8 9. Kg1 Nge7 10.
Na3 Nf5 11. Nc2 cxd4 12. cxd4 Qb6 13. g4 Nfe7 14. Rb1 h5 15. h3 hxg4 16. hxg4 Ng6 17. Bd2 Be7 18. b4 Na7 19. Bd3 Bb5 20. Bxb5+ Nxb5 21. Rb3 Nh4 22. Nxh4 Rxh4 23. f3 Qc6 24. Rb2 Nc3 25.
Bxc3 Qxc3 26. Qc1 Rh8 27.
Rf2 Qxd4 28. Nxd4 Rxc1+ 29. Rf1 Rc4 30. Nc2 Kd7 31. Kg2 Rhc8 32. Rf2 b5 33. Rd2 Bg5 34. Re2 Bc1 0-1

[Event "Chpt France Universitaire 2024"]
[Site "Bastia, France"]
[Date "2024.04.06"]
[Round "6.5"]
[White "Eveno, Nathan"]
[Black "Aghamir Alrobiai, Nizar"]
[Result "1-0"]
[TimeControl "15min+5s"]
[WhiteElo "2192"]
[BlackElo "2098"]

1. e4 e6 2. d4 d5 3. Nc3 Bb4 4. e5 c5 5. a3 Bxc3+ 6. bxc3 Qa5 7. Bd2 Qa4 8. h4 Ne7 9. h5 h6 10.
Qg4 Rg8 11. Bd3 Nf5 12. Qf4 c4 13. Bxf5 exf5 14. Kd1 Be6 15. Ne2 Nc6 16. f3 Ne7 17. Bc1 O-O-O 18. Rb1 Nc6 19. Ng3 g5 20.
hxg6 Rxg6 21. Rxh6 Rdg8 22. Rxg6 Rxg6 23. Nxf5 Rxg2 24. Nd6+ Kb8 25. Rxb7+ 1-0

[Event "Chpt France Universitaire 2024"]
[Site "Bastia, France"]
[Date "2024.04.06"]
[Round "6.6"]
[White "Dubuisson, Samuel"]
[Black "Budak, Rewi"]
[Result "0-1"]
[TimeControl "15min+5s"]
[WhiteElo "2129"]
[BlackElo "2112"]

1. Nf3 c5 2. b3 Nc6 3. Bb2 d5 4. g3 Nf6 5. Bg2 Bf5 6. O-O Qd7 7. d4 cxd4 8. Nxd4 Bh3 9. Nd2 Bxg2 10.
Kxg2 e6 11. Nxc6 bxc6 12. c4 Be7 13. cxd5 cxd5 14. Rc1 O-O 15. Nf3 Rfc8 16. Qd4 Ne8 17. Rfd1 Bf6 18. Qd2 Bxb2 19. Qxb2 Nd6 20.
Rd2 Rxc1 21. Qxc1 Rc8 22. Rc2 Rxc2 23. Qxc2 Qc8 24. Qxc8+ Nxc8 25. Kf1 Kf8 26. Ke1 Ke7 27. Kd2 Nd6 28.
Ne1 Ne4+ 29. Ke3 Nc3 30. a3 e5 31. Nd3 Kd6 32.
f3 f5 33. a4 d4+ 34. Kd2 Nd5 35. Nf2 Ne3 36. g4 g6 37. h4 h5 38. gxh5 gxh5 39. Kd3 Ng2 40. Kc4 Nf4 41. Kb5 Nxe2 42. Ka6 Nc1 43. b4 d3 44. b5 d2 45. Kxa7 Nd3 46. Nd1 Nc5 47. a5 Kc7 48. b6 Kc6 49. a6 Kb5 50. b7 Nxa6 51. b8=Q+ Nxb8 52. Kxb8 Kc4 53. Kc7 Kd3 54. Kd6 0-1

[Event "Chpt France Universitaire 2024"]
[Site "Bastia, France"]
[Date "2024.04.06"]
[Round "6.7"]
[White "Defromont, Benjamin"]
[Black "Destic, Elena"]
[Result "1-0"]
[TimeControl "15min+5s"]
[WhiteElo "2393"]
[BlackElo "1946"]

1. e4 c6 2. Nf3 d5 3. d3 dxe4 4. dxe4 Qxd1+ 5. Kxd1 Bg4 6. Be2 g6 7. Ne5 Bxe2+ 8. Kxe2 Bg7 9. Nd3 Na6 10.
Be3 Nf6 11. f3 Nd7 12. Nd2 h5 13. Nc4 b6 14. a4 Bh6 15. Bf2 Rd8 16. Rhd1 f6 17. b4 Nc7 18. a5 b5 19. Ncb2 a6 20.
Bb6 Rc8 21. Nc5 Nxc5 22. bxc5 Kf7 23. Nd3 Ne6 24. Nb4 Bf4 25. Nxa6 Bxh2 26. Nb4 Be5 27. Ra3 h4 28. Rh1 Nf4+ 29.
Kf1 Nh5 30. Rh3 Nf4 31. a6 Nxh3 32. gxh3 Bb8 33. a7 Bxa7 34. Rxa7 Ke6 35. Kf2 Ra8 36. Nxc6 Rxa7 37. Nxa7 Rb8 38.
c6 Kd5 1-0

[Event "Chpt France Universitaire 2024"]
[Site "Bastia, France"]
[Date "2024.04.06"]
[Round "6.8"]
[White "Gadimov, Emil"]
[Black "Gryshko, Vitalii"]
[Result "0-1"]
[TimeControl "15min+5s"]
[WhiteElo "1701"]
[BlackElo "2288"]

1. e4 c5 2. Nf3 d6 3. Nc3 e5 4.
Bc4 Be7 5. Nd5 Nf6 6. d3 O-O 7.
h3 Nxd5 8. Bxd5 Nd7 9. O-O Nf6 10.
Bb3 h6 11. c3 b5 12. Qe2 Bb7 13. Re1 c4 14. dxc4 bxc4 15. Qxc4 Bxe4 16. Be3 Qd7 17. Qe2 Qf5 18. Nh4 Qh7 19. Rac1 a5 20. f3 Bd3 21. Qd2 Nd7 22. Rcd1 Bxh4 23. Bf2 Bxf2+ 24. Kxf2 Nc5 25. Bd5 Rab8 26. b4 axb4 27.
cxb4 Bc2 28. bxc5 Bxd1 29. Rxd1 dxc5 30. Be4 f5 31. Qd5+ Kh8 32. Bc2 Qg8 33. Bb3 Qxd5 34. Rxd5 Rfc8 35.
Rxe5 c4 36. Bc2 Rb2 37. Re2 Rxa2 38.
Bxf5 Rxe2+ 39. Kxe2 Rd8 40. g4 g5 41. Ke3 Rd1 42. Bc2 Rd6 43. f4 gxf4+ 44. Kxf4 Re6 45. Kf3 Kg7 46. h4 c3 47.
g5 h5 48. Kf2 Re5 49. Kf3 Re1 50. Bd3 Rh1 51. Ke2 Rxh4 52. Kd1 Rd4 53. Kc2 Rxd3 54. Kxd3 h4 55. Kxc3 h3 56. Kd4 0-1

[Event "Chpt France Universitaire 2024"]
[Site "Bastia, France"]
[Date "2024.04.06"]
[Round "6.9"]
[White "Cahen, Alexis"]
[Black "Bosc, Seraphina"]
[Result "1-0"]
[TimeControl "15min+5s"]
[WhiteElo "2060"]
[BlackElo "2216"]

1. d4 d5 2. Bf4 Nf6 3. e3 e6 4. Nf3 c5 5. c3 Nc6 6. Nbd2 Nh5 7. Bg3 Nxg3 8. hxg3 Bd7 9. Bd3 g6 10.
e4 cxd4 11. cxd4 Nb4 12. Qe2 Nxd3+ 13. Qxd3 dxe4 14. Qxe4 Bg7 15. Ne5 O-O 16. O-O Bb5 17. Rfc1 b6 18. Ndf3 Rc8 19. Qb7 Bxe5 20.
dxe5 Qd7 21. Qe4 Bc6 22. Qh4 Bxf3 23. gxf3 Rxc1+ 24. Rxc1 Qd2 25. Rc4 Qe1+ 26. Kg2 Qxe5 27. Qe7 Qxb2 28. Qxa7 b5 29. Rc7 Qf6 30. Qb6 Ra8 31.
Qc6 Rb8 32. Qd6 Qf5 33. Rc5 1-0

[Event "Chpt France Universitaire 2024"]
[Site "Bastia, France"]
[Date "2024.04.06"]
[Round "6.10"]
[White "Baroyan, Davit"]
[Black "Lahoche, Dorian"]
[Result "1-0"]
[TimeControl "15min+5s"]
[WhiteElo "2118"]
[BlackElo "2146"]

1. Nf3 Nf6 2. g3 g6 3. b3 Bg7 4. Bb2 O-O 5. Bg2 d6 6. d4 Nc6 7. O-O a6 8. c4 Rb8 9. d5 Na5 10. Qe1 c5 11. Bc3 b6 12. Nbd2 e6 13.
dxe6 Bxe6 14. Rd1 h6 15. Bxf6 Bxf6 16. Ne4 Be7 17. Qd2 Qc7 18. Qxh6 Bf5 19. Nfg5 Bxg5 20. Nxg5 f6 21. Bd5+ 1-0

[Event "Chpt France Universitaire 2024"]
[Site "Bastia, France"]
[Date "2024.04.06"]
[Round "6.11"]
[White "Hingouet, Matthieu"]
[Black "Morison, Julien"]
[Result "0-1"]
[TimeControl "15min+5s"]
[WhiteElo "2210"]
[BlackElo "1926"]

1. d4 Nf6 2. c4 g6 3. Nc3 d5 4. cxd5 Nxd5 5. Bd2 Bg7 6. e4 Nb6 7. Be3 Nc6 8. Nf3 Bg4 9. Bb5 O-O 10.
Bxc6 bxc6 11. O-O Bxf3 12. Qxf3 Bxd4 13. Rfd1 e5 14. Bxd4 exd4 15. Ne2 c5 16. Rac1 Qe7 17. Qa3 Qxe4 18.
Ng3 Qe6 19. Rxc5 Rad8 20. Rxc7 Nd5 21. Rxa7 Nf4 22. Qf3 Qe5 23. Qe4 Qg5 24. Ra4 Rfe8 25. Qf3 Qe5 26. h4 Ne6 27. Ra7 Nf4 28.
Nf1 Re6 29. Nd2 Rf6 30. Qe4 Ne2+ 31. Kh1 Qxe4 32. Nxe4 Rf4 33. Ng5 Rxh4+ 34. Nh3 g5 35.
Re7 Nf4 36. Kg1 Ng6 37. Re2 h6 38.
Red2 g4 39. Rxd4 Rxd4 40. Rxd4 gxh3 41. Rd8+ Kg7 42. gxh3 Rxh3 43.
Kf1 Nf4 44. Ke1 Nd3+ 45. Ke2 Nxb2 46.
Rd4 Ra3 47. Rb4 Rxa2 48. Kf3 Nd3 49. Rg4+ Kf6 50. Rg2 Ne1+ 0-1

[Event "Chpt France Universitaire 2024"]
[Site "Bastia, France"]
[Date "2024.04.06"]
[Round "6.12"]
[White "Pheng, Wissam"]
[Black "Mathieu, Phileas"]
[Result "1-0"]
[TimeControl "15min+5s"]
[WhiteElo "1975"]
[BlackElo "2325"]

1. e4 c5 2. b3 Nc6 3. Bb2 d6 4. Bb5 Bd7 5. f4 a6 6. Bxc6 Bxc6 7. d3 e6 8. Nf3 Nf6 9. O-O Qc7 10. Qe2 Be7 11. Nbd2 O-O-O 12. a4 h6 13. e5 Nd5 14. exd6 Bxd6 15.
Ne5 Rhe8 16. Ndc4 f6 17. Nxd6+ Qxd6 18. Nf7 Qc7 19. Nxd8 Kxd8 20. g3 Qd7 21. Rad1 Kc8 22. d4 cxd4 23. Bxd4 e5 24. fxe5 fxe5 25. Bb2 Qc7 26. Rd3 Kb8 27. Rf5 Qb6+ 28. Kf1 Ka8 29.
Qf2 Qc7 30. Rf8 Qc8 31. Rxe8 Qxe8 32. Rf3 Nf6 33. Rf5 Nd7 34. Qe3 g6 35. Rf2 Qe6 36. Re2 Qd5 37. Bxe5 Nc5 38. Bd4 Qh1+ 39. Qg1 Qf3+ 40. Ke1 Ne4 41.
Qf1 Ng5 42. h4 Qxg3+ 43. Qf2 Nf3+ 44. Kd1 Qg4 45. Bb6 Qb4 46. Qc5 Qxc5 47. Bxc5 Nxh4 48. Re6 Kb8 49. Bb6 Kc8 50. Rd6 Bd7 51. Rf6 Bf5 52.
Rd6 Bd7 53. Ke2 g5 54. Rxh6 Bg4+ 55. Ke1 Kd7 56. Rh7+ Kc6 57. a5 Bf5 58. Rg7 Bxc2 59. b4 Ng6 60. Kd2 Bf5 61.
Ke3 g4 62. Rc7+ Kb5 63. Rc5+ Kxb4 64. Rxf5 g3 65. Rg5 Ne7 66. Bc5+ 1-0

[Event "Chpt France Universitaire 2024"]
[Site "Bastia, France"]
[Date "2024.04.07"]
[Round "7.1"]
[White "Dalaud, Dorian"]
[Black "Rakotomaharo, Fy Antenaina"]
[Result "1/2-1/2"]
[TimeControl "15min+5s"]
[WhiteElo "2307"]
[BlackElo "2448"]

1. e4 c5 2. Nf3 Nc6 3. d4 cxd4 4. Nxd4 Nf6 5. Nc3 h5 6. Be2 g6 7. Bg5 Bg7 8. O-O Qa5 9. Nf3 d6 10.
Bd2 Qd8 11. h3 O-O 12. Be3 b6 13. Nd4 Bb7 14. Nxc6 Bxc6 15. Bf3 b5 16. Nd5 Bxd5 17. exd5 Nd7 18. c3 a5 19. a4 b4 20.
cxb4 axb4 21. Qb3 Qa5 22. Rfe1 Rfc8 23. Re2 Be5 24. Bd2 Nc5 25. Qxb4 Qxb4 26. Bxb4 Nxa4 27. g3 Nxb2 28. Rxa8 Rxa8 29. Kg2 Nd3 30. Bd2 Ra1 31.
h4 f5 32. Re3 Nc5 33. Bb4 Rc1 34. Bxc5 Rxc5 35. Re2 Kf7 36. Ra2 Kf6 37. Re2 Rc3 38. Re3 Rc1 39. Re2 Rc8 40. Ra2 g5 41.
hxg5+ Kxg5 42. Ra7 Bf6 43. Ra4 Rc2 44. Rh4 Kg6 45. Bxh5+ Kg7 46. Rh2 Bd4 47. Kf3 Rd2 48. Be8 Bb6 49.
Bc6 Rc2 50. Bd7 Kf6 51. Be6 Ke5 52. g4 Rc3+ 53. Kg2 fxg4 54. Rh5+ Kf4 55. Rf5+ Ke4 56. Rf7 Rf3 57. Rxf3 gxf3+ 58. Kf1 Bd4 59. Ke1 Bc3+ 60. Kf1 Kf4 61. Kg1 Bd4 1/2-1/2

[Event "Chpt France Universitaire 2024"]
[Site "Bastia, France"]
[Date "2024.04.07"]
[Round "7.2"]
[White "Harutyunyan, Safar"]
[Black "Gatineau, Yovann"]
[Result "0-1"]
[TimeControl "15min+5s"]
[WhiteElo "2266"]
[BlackElo "2408"]

1. e4 e6 2. d4 d5 3.
Nc3 Nf6 4. e5 Nfd7 5. f4 c5 6.
Nf3 Nc6 7. Be3 Be7 8. Qd2 O-O 9. dxc5 Qa5 10.
a3 a6 11. Qd1 f6 12. exf6 Nxf6 13. Qd2 Bxc5 14. O-O-O Bd7 15. Bxc5 Qxc5 16. Nd4 Rac8 17. Nxc6 Rxc6 18. Qd4 Qd6 19.
g3 Rfc8 20. Bd3 b5 21. Rhe1 Rb6 22. Qb4 Qc7 23. Kb1 Rbb8 24. Qd4 a5 25. Qe5 Qc5 26. Ne2 b4 27. a4 Bxa4 28. Nd4 Kh8 29.
b3 Bd7 30. Nxe6 Bxe6 31. Qxe6 a4 32.
Qe7 Qc3 33. Qe5 d4 34. Bc4 axb3 35. Bxb3 Ra8 36. Ba4 Rxa4 0-1

[Event "Chpt France Universitaire 2024"]
[Site "Bastia, France"]
[Date "2024.04.07"]
[Round "7.3"]
[White "Budak, Rewi"]
[Black "Eveno, Nathan"]
[Result "1-0"]
[TimeControl "15min+5s"]
[WhiteElo "2112"]
[BlackElo "2192"]

1. e4 c5 2. Nc3 a6 3. f4 b5 4.
d4 cxd4 5. Qxd4 Nc6 6. Qf2 e6 7.
Bd3 Bb7 8. Nf3 Nf6 9. e5 b4 10. Ne4 Nxe4 11. Bxe4 d5 12. Bd3 Be7 13. f5 exf5 14. Bxf5 Bc8 15. Bd3 Be6 16. h4 h5 17.
Qg3 Bg4 18. O-O Qb6+ 19. Kh1 Bxf3 20. Rxf3 O-O-O 21. Rxf7 Rdf8 22. Be3 d4 23. Rxf8+ Rxf8 24. Bg5 a5 25. Bxe7 Nxe7 26. Qxg7 Qd8 27. Qh6 Nd5 28. Qc6+ Kb8 29. Kg1 Nb6 30. Be4 Qc7 31. Qb5 Rd8 32. Rf1 d3 33. cxd3 Ka7 34. e6 Qd6 35.
Qxa5+ Kb8 36. Rf7 Qd4+ 37. Kh2 Qd6+ 38. g3 Kc8 39. Qa6+ 1-0

[Event "Chpt France Universitaire 2024"]
[Site "Bastia, France"]
[Date "2024.04.07"]
[Round "7.4"]
[White "Roux, Baptiste"]
[Black "Cahen, Alexis"]
[Result "1-0"]
[TimeControl "15min+5s"]
[WhiteElo "2361"]
[BlackElo "2060"]

1. e4 c5 2. Nf3 d6 3. d4 cxd4 4. Nxd4 Nf6 5. Nc3 g6 6. Be3 Bg7 7. f3 Nc6 8. Qd2 O-O 9. Bc4 Bd7 10.
h4 Ne5 11. Bb3 Qa5 12. O-O-O Rfc8 13. g4 Nc4 14. Bxc4 Rxc4 15. h5 Rac8 16. Kb1 Bxg4 17. hxg6 hxg6 18. Nb3 Qa6 19. Bh6 Bh5 20.
Bxg7 Kxg7 21. Rdg1 b5 22. Qd3 b4 23. Nd5 Nxd5 24. exd5 Kf8 25. Nd4 Qb6 26. Nc6 R8xc6 27. dxc6 Qxc6 28.
Rh2 Qc5 29. Re1 Qd4 30. Qe2 Rc7 31. Qb5 Qc5 32. Qd3 a5 33. Qe4 Qc4 34. Qa8+ Kg7 35. Qxa5 Bxf3 36. Qg5 Bh5 37. Rxh5 Qxc2+ 38. Ka1 Qc1+ 39. Rxc1 Rxc1+ 40. Qxc1 1-0

[Event "Chpt France Universitaire 2024"]
[Site "Bastia, France"]
[Date "2024.04.07"]
[Round "7.5"]
[White "Gryshko, Vitalii"]
[Black "Defromont, Benjamin"]
[Result "1-0"]
[TimeControl "15min+5s"]
[WhiteElo "2288"]
[BlackElo "2393"]

1. a3 Nf6 2. Nf3 c5 3. c4 Nc6 4. Nc3 e5 5. d3 d6 6. Bg5 Be7 7. Bxf6 Bxf6 8. g3 Be6 9. Bg2 Qd7 10.
Rb1 a5 11. Nd2 O-O 12. Nd5 Bd8 13. O-O f5 14. e3 Ne7 15. b4 cxb4 16. axb4 Nxd5 17. cxd5 Bf7 18. b5 Rc8 19. Qa4 Rc3 20. Rb3 Rc5 21. Rb2 Bxd5 22.
Bxd5+ Rxd5 23. Qc4 Qf7 24.
Nb3 e4 25. d4 Bb6 26. Ra1 g5 27.
Nd2 Kg7 28. Nb1 f4 29. Nc3 Rf5 30. Qxf7+ R8xf7 31. g4 R5f6 32. Nd5 Bd8 33. Nxf6 Kxf6 34. b6 Ke6 35. Rxa5 fxe3 36. fxe3 Rf3 37. Rb3 Kd7 38. Rf5 Rxf5 39. gxf5 Ke7 40. Rb5 Kf6 41. Rd5 Be7 42. Kg2 h5 43. Kg3 Kf7 44. Ra5 Kf6 45. Ra7 Kxf5 46. Rxb7 Bd8 47. Rb8 Bf6 48. Rf8 h4+ 49. Kg2 Ke6 50. Rxf6+ 1-0

[Event "Chpt France Universitaire 2024"]
[Site "Bastia, France"]
[Date "2024.04.07"]
[Round "7.6"]
[White "Morison, Julien"]
[Black "Baroyan, Davit"]
[Result "0-1"]
[TimeControl "15min+5s"]
[WhiteElo "1926"]
[BlackElo "2118"]

1. e4 c5 2. b4 cxb4 3. a3 d5 4. exd5 Qxd5 5. Nf3 e5 6. axb4 Bxb4 7. Ra3 Ne7 8. Rd3 Qa5 9. Na3 e4 10. Nc4 Qc7 11.
Rb3 exf3 12. Rxb4 Nbc6 13. Rb3 O-O 14. gxf3 Nd5 15. f4 Re8+ 16. Ne3 Nd4 17. c3 Nxb3 18. Qxb3 Nxf4 19. Rg1 Be6 20.
Qa4 Rad8 21. Bb5 Bd7 22. Bxd7 Rxd7 23. Kd1 Nd3 24. Qh4 Qf4 25. Ng4 Rd6 26. c4 Nxc1 0-1

[Event "Chpt France Universitaire 2024"]
[Site "Bastia, France"]
[Date "2024.04.07"]
[Round "7.7"]
[White "Maache, Jawad"]
[Black "Rollot, Florence"]
[Result "1-0"]
[TimeControl "15min+5s"]
[WhiteElo "2154"]
[BlackElo "2010"]

1. d4 Nf6 2. Nc3 c5 3. d5 d6 4. e4 g6 5. h3 Bg7 6. Nf3 O-O 7. Bf4 Nbd7 8. Be2 Nh5 9. Bh2 Qa5 10.
Qd2 a6 11. Nd1 Qxd2+ 12. Nxd2 b5 13. c3 Nhf6 14. Ne3 Rb8 15. O-O Rb6 16. a4 Bh6 17. axb5 axb5 18. Ra7 c4 19. f4 Bb7 20.
g4 Bg7 21. g5 Nh5 22. Nc2 Nc5 23. Kg2 h6 24. gxh6 Bxh6 25. Bxh5 gxh5 26. Bg1 e6 27. Nb4 exd5 28. Nxd5 Bxd5 29. exd5 Re8 30. Kf3 Rbb8 31.
Bxc5 dxc5 32. Ne4 Rbd8 33. Nf6+ Kf8 34. Rg1 Bg7 35. Nxe8 Rxe8 36. d6 Rd8 37. Rd1 Bf6 38. Rd5 Rc8 39. Rf5 Bg7 40. Rfxf7+ 1-0